 Dungeon Crawl Stone Soup version 0.31-a0-986-g5e6e4ef867 (webtiles) character file.

Game seed: 1680001702976084039

630 gelatine the Shooter (level 7, -2/55 HPs)
             Began as a Demonspawn Hunter on Nov 11, 2023.
             Slain by Crazy Yiuf
             ... wielding a +2 quarterstaff of chaos
              (8 damage)
             ... on level 5 of the Dungeon.
             The game lasted 00:07:41 (2823 turns).

gelatine the Shooter (Demonspawn Hunter)            Turns: 2823, Time: 00:07:42

Health: -2/55      AC:  7    Str: 11    XL:     7   Next: 24%
Magic:  5/7        EV: 12    Int: 11    God:
Gold:   317        SH:  0    Dex: 18    Spells: 6/6 levels left

rFire   . . .        a - +0 shortbow
rCold   . . .        (shield currently unavailable)
rNeg    . . .        c - +0 leather armour
rPois   .            (no helmet)
rElec   .            (no cloak)
rCorr   .            A - +0 pair of gloves
SInv    .            l - +0 pair of boots
Will    .....        g - amulet of regeneration
Stlth   ++           (no ring)
HPRegen 1.09/turn    (no ring)
MPRegen 0.10/turn

%: no passive effects
@: no status effects
A: claws 1, rugged brown scales 2, demonic guardian 1, demonic magic 1
a: no special abilities


You were on level 5 of the Dungeon.
You visited 1 branch of the dungeon, and saw 5 of its levels.

You collected 317 gold pieces.

Inventory:

Hand Weapons
 a - a +0 shortbow (weapon)
 t - a +0 sling
Armour
 c - a +0 leather armour (worn)
 l - a +0 pair of boots (worn)
 A - a +0 pair of gloves (worn)
 E - a +0 buckler
Jewellery
 g - an amulet of regeneration (around neck)
 m - a ring of fire
 D - an amulet of guardian spirit
Talismans
 h - a beast talisman
Wands
 s - a wand of flame (9)
Scrolls
 b - a scroll of butterflies
 d - 2 scrolls of immolation {unknown}
 e - a scroll of fog {unknown}
 k - 2 scrolls of enchant armour {unknown}
 q - 3 scrolls of silence {unknown}
 r - 2 scrolls of identify {unknown}
 u - a scroll of fear {unknown}
 w - a scroll of noise {unknown}
 y - a scroll of vulnerability {unknown}
 z - a scroll of brand weapon {unknown}
 B - a scroll of teleportation {unknown}
 C - a scroll of amnesia {unknown}
 F - a scroll of acquirement {unknown}
 G - a scroll of revelation {unknown}
 H - a scroll of poison {unknown}
Potions
 f - a potion of haste {unknown}
 i - 3 potions of berserk rage {unknown}
 j - 4 potions of curing {unknown}
 n - 3 potions of heal wounds {unknown}
 o - a potion of invisibility {unknown}
 p - 4 potions of enlightenment {unknown}
 v - 2 potions of mutation {unknown}
 x - a potion of brilliance {unknown}
 I - a potion of degeneration {unknown}


   Skills:
 + Level 3.8 Fighting
 + Level 7.0 Ranged Weapons
 + Level 1.6 Armour
 + Level 2.2 Dodging
 + Level 1.0 Stealth


You had 6 spell levels left.
You didn't know any spells.
Your spell library was empty.

Dungeon Overview and Level Annotations

Branches:
Dungeon (5/15)
 Temple: D:4-7

Altars:
Cheibriados
Dithmenos
Hepliaklqana
Kikubaaqudgha
Ru
Trog
Wu Jian
Xom

Annotations:
D:5 3 runed translucent doors, Crazy Yiuf; PowderKeg's ghost, amateur FeSh


Innate Abilities, Weirdness & Mutations

You have sharp fingernails.
You are mostly covered in rugged brown scales. (AC +2, +5% HP)
A weak demonic guardian rushes to your aid.
Spells you cast may paralyse adjacent enemies.


Message History

You open the door.
There is an open door here.
H - a scroll labelled FOWYHAOCYCS
j - 4 fuming black potions (gained 1)
I - a metallic yellow potion
Found a hammer.
Found a runed translucent door.
Crazy Yiuf shouts!
You open the door. You shoot an arrow. The arrow completely misses Crazy Yiuf.
You shoot an arrow. The arrow closely misses Crazy Yiuf.
Crazy Yiuf hits you with a +2 quarterstaff of chaos.
A demonic guardian appears!
Crazy Yiuf hits you with a +2 quarterstaff of chaos.
You feel your power leaking away.
You shoot an arrow. The arrow hits Crazy Yiuf.
Crazy Yiuf is moderately wounded.
Crazy Yiuf closely misses you.
You shoot an arrow. The arrow closely misses Crazy Yiuf.
Crazy Yiuf hits you with a +2 quarterstaff of chaos.
Crazy Yiuf burns you.
You shoot an arrow.
The arrow hits Crazy Yiuf but does no damage.
Crazy Yiuf is moderately wounded.
Crazy Yiuf hits you with a +2 quarterstaff of chaos.
You shoot an arrow.
The arrow hits Crazy Yiuf but does no damage.
Crazy Yiuf is moderately wounded.
Crazy Yiuf hits you with a +2 quarterstaff of chaos!
You shoot an arrow. The arrow hits Crazy Yiuf.
Crazy Yiuf is heavily wounded.
Crazy Yiuf hits you with a +2 quarterstaff of chaos!
You are electrocuted!
* * * LOW HITPOINT WARNING * * *
You swap places.
Your ufetubus hits Crazy Yiuf.
Your ufetubus closely misses Crazy Yiuf.
Your ufetubus slips past Crazy Yiuf!
Your ufetubus hits Crazy Yiuf.
Your ufetubus closely misses Crazy Yiuf.
You shoot an arrow. The arrow barely misses Crazy Yiuf.
Crazy Yiuf hits you with a +2 quarterstaff of chaos!
You die...

#.................# #
#.##########......########
#.# #######........ #.#
#........ ##.# #........
#..#### ### #........
#...#.## ###..)# #########
#......####g5...# #
##......#.@##...# #
##.#..#.### ### ########


You could see Crazy Yiuf (ally target) and a friendly ufetubus (summoned).

Vanquished Creatures
  An ogre (D:4)
  A scorpion (D:5)
  A hound (D:5)
  2 orc priests (D:4)
  A jelly (D:5)
  2 iguanas (D:4)
  Ijyb (D:3)
  3 orc wizards
  3 gnolls (D:4)
  5 adders
  2 worms
  3 dart slugs
  16 orcs
  7 endoplasms
  5 giant cockroaches
  7 hobgoblins
  2 quokkas (D:4)
  7 ball pythons
  3 bats
  5 frilled lizards
  9 goblins
  9 kobolds
  5 rats (D:1)
  A butterfly (D:3)
101 creatures vanquished.

Vanquished Creatures (collateral kills)
  An orc priest (D:5)
1 creature vanquished.

Grand Total: 102 creatures vanquished

Notes
Turn   | Place    | Note
-------+----------+-------------------------------------------
     0 | D:1      | gelatine the Demonspawn Hunter began the quest for the Orb.
     0 | D:1      | Reached XP level 1. HP: 16/16 MP: 1/1
   138 | D:1      | Reached skill level 4 in Ranged Weapons
   143 | D:1      | Gained mutation: You have sharp fingernails. [demonic
                  | ancestry]
   143 | D:1      | Reached XP level 2. HP: 22/22 MP: 2/2
   610 | D:1      | Found a faded altar of an unknown god.
   800 | D:2      | Gained mutation: You are partially covered in rugged brown
                  | scales. (AC +1, +3% HP) [demonic ancestry]
   800 | D:2      | Reached XP level 3. HP: 22/27 MP: 3/3
  1104 | D:2      | Reached skill level 1 in Stealth
  1186 | D:2      | Gained mutation: You are mostly covered in rugged brown
                  | scales. (AC +2, +5% HP) [demonic ancestry]
  1186 | D:2      | Reached XP level 4. HP: 27/34 MP: 4/4
  1382 | D:3      | Found a shadowy altar of Dithmenos.
  1437 | D:3      | Noticed Ijyb
  1456 | D:3      | Killed Ijyb
  1457 | D:3      | Reached skill level 5 in Ranged Weapons
  1604 | D:3      | Found a bloodstained altar of Trog.
  1622 | D:3      | Found an ancient bone altar of Kikubaaqudgha.
  1646 | D:3      | Found a shimmering altar of Xom.
  1839 | D:3      | Found a sacrificial altar of Ru.
  1921 | D:4      | Reached skill level 1 in Armour
  1921 | D:4      | Reached XP level 5. HP: 39/40 MP: 5/5
  2043 | D:4      | Noticed an ogre
  2050 | D:4      | Killed an ogre
  2051 | D:4      | Reached skill level 6 in Ranged Weapons
  2051 | D:4      | Gained mutation: Spells you cast may paralyse adjacent
                  | enemies. [demonic ancestry]
  2051 | D:4      | Reached XP level 6. HP: 49/49 MP: 6/6
  2407 | D:5      | Entered Level 5 of the Dungeon
  2519 | D:5      | Noticed PowderKeg's ghost (amateur FeSh)
  2550 | D:5      | Found a runed translucent gate.
  2550 | D:5      | Found a runed translucent gate.
  2550 | D:5      | Found a runed translucent gate.
  2588 | D:5      | Found an ornate altar of the Wu Jian Council.
  2588 | D:5      | Found a snail-covered altar of Cheibriados.
  2588 | D:5      | Found a hazy altar of Hepliaklqana.
  2607 | D:5      | Gained mutation: A weak demonic guardian rushes to your
                  | aid. [demonic ancestry]
  2607 | D:5      | Reached XP level 7. HP: 54/54 MP: 7/7
  2710 | D:5      | Reached skill level 7 in Ranged Weapons
  2810 | D:5      | Found a runed translucent door.
  2811 | D:5      | Noticed Crazy Yiuf
  2823 | D:5      | Slain by Crazy Yiuf

Illustrated notes

Levels and vault maps discovered:
D:1:      giann_forest_graveyard, layout_basic,
          hellmonk_ecumenical_altar_defaced_shrine, minmay_statues_item
D:2:      layout_loops_ring, minmay_tetromino_s4
D:3:      kennysheep_the_goblin_king, layout_rooms, xom_butterflies,
          mainiacjoe_overflow_catwalk, mainiacjoe_overflow_small_starburst,
          grunt_dithmenos_smoke_and_mirrors, lemuel_crystal_altar,
          minmay_fractal_squares_5
D:4:      layout_rooms, minmay_misc_feat_columns, dk_noncrumbling_3
D:5:      layout_basic, gammafunk_temple_overflow_claw, gammafunk_ghost_icy,
          uniq_crazy_yiuf_cottage

Skill      XL: |  1  2  3  4  5  6  7 |
---------------+----------------------+-----
Ranged Weapons | 4 5 6 7 |  7.0
Stealth        | 1 |  1.0
Armour         | 1 |  1.6
Fighting       | 3 |  3.8
Dodging        | 2 |  2.2

Action                     |  1- 3 |  4- 6 |  7- 9 || total
---------------------------+-------+-------+-------++-------
   Fire: Shortbow          |   122 |   197 |    36 ||   355
 Armour: Leather armour    |    26 |    73 |    17 ||   116
  Dodge: Dodged            |    22 |    72 |     8 ||   102
         Form:             |     1 |       |       ||     1
         Beast             |     1 |       |       ||     1

Table legend: (Time is in decaauts)
 A = Elapsed time spent in this place.
 B = Non-inter-level travel time spent in this place.
 C = Inter-level travel time spent in this place.
 D = Time resting spent in this place.
 E = Time spent auto-exploring this place.
 F = Levels seen in this place.
 G = Mean time per level.
                   A        B        C        D        E       F      G
               +--------+--------+--------+--------+--------+-----+--------+
         Total |   2885 |   2813 |     72 |      0 |   2100 |   5 |  577.0 |
       Dungeon |   2885 |   2813 |     72 |      0 |   2100 |   5 |  577.0 |
               +--------+--------+--------+--------+--------+-----+--------+

Top non-repeatable levels by time:
     D:1: 737 daAuts
     D:2: 657 daAuts
     D:4: 539 daAuts
     D:3: 529 daAuts
     D:5: 422 daAuts
